 Dungeon Crawl Stone Soup version 0.17-a0-491-gbd49765 (webtiles) character file.

5464 Radiman the Severer (level 10, 0/129 HPs)
             Began as a Hill Orc Berserker on Apr 9, 2015.
             Was a High Priest of Trog.
             Succumbed to a queen bee's poison
             ... on level 8 of the Dungeon.
             The game lasted 00:32:47 (11154 turns).

Radiman the Severer (Hill Orc Berserker)           Turns: 11154, Time: 00:32:47

Health: 0/129      AC: 14    Str: 29    XL:     10   Next: 68%
Magic:  1/10       EV: 10    Int:  7    God:    Trog [*****.]
Gold:   358        SH:  0    Dex: 10    Spells: 0 memorised, 9 levels left

rFire  x . .     SeeInvis .     t - +1 hand axe (chop)
rCold  + . .     Clarity  .     F - +0 chain mail
rNeg   . . .     SustAb   .     (no shield)
rPois  .         Gourm    .     H - +0 helmet
rElec  .         Spirit   +     x - +2 cloak
rCorr  .         Warding  .     (no gloves)
rMut   .         Stasis   .     (no boots)
MR     .....                    B - amulet of guardian spirit
Stlth  ..........               s - ring of flight
                                m - ring of ice

@: berserking, lethally poisoned (0 -> -65), very quick, not resistant to
hostile enchantments, extremely unstealthy
A: no striking features
a: Burn Spellbooks, Berserk, Trog's Hand, Brothers in Arms, Renounce Religion,
Evoke Flight


You were on level 8 of the Dungeon.
You worshipped Trog.
Trog was extremely pleased with you.
You were not hungry.

You visited 2 branches of the dungeon, and saw 9 of its levels.

You collected 358 gold pieces.

Inventory:

Hand weapons
 t - a +1 hand axe of chopping (weapon)
Armour
 x - a +2 cloak (worn)
 F - a +0 chain mail (worn)
 H - a +0 helmet (worn)
Jewellery
 a - the cursed necklace of Bloodlust {*Rage +Rage MR+ Str+2 Int-2 Slay+3 Curse}
   (You found it on level 4 of the Dungeon)

   [amulet of rage]

   It affects your strength (+2).
   It affects your intelligence (-2).
   It affects your accuracy and damage with ranged weapons and melee attacks
   (+3).
   It affects your resistance to hostile enchantments.
   It lets you go berserk.
   It may make you go berserk in combat.
   It may re-curse itself when equipped.
   It has a curse placed upon it.
 m - a ring of ice (left hand)
 r - an uncursed amulet of stasis
 s - a ring of flight (right hand)
 B - an amulet of guardian spirit (around neck)
Magical devices
 y - a wand of flame (14)
 z - a wand of confusion (8)
 J - a wand of frost (14)
Scrolls
 b - 3 scrolls of identify {unknown}
 e - 4 scrolls of remove curse
 j - 4 scrolls of random uselessness {unknown}
 k - 2 scrolls of fog {unknown}
 l - 2 scrolls of enchant weapon {unknown}
 n - 2 scrolls of amnesia {unknown}
 o - 3 scrolls of blinking {unknown}
 p - 2 scrolls of recharging {unknown}
 w - a scroll of acquirement {unknown}
 D - a scroll of silence {unknown}
 E - a scroll of teleportation {unknown}
Potions
 d - 3 potions of haste {unknown}
 f - 4 potions of curing {unknown}
 g - 2 potions of restore abilities {unknown}
 h - 3 potions of heal wounds {unknown}
 i - a potion of brilliance {unknown}
 q - 2 potions of poison {unknown}
 u - a potion of magic {unknown}
 A - 2 potions of agility {unknown}
 C - a potion of resistance
 G - 2 potions of lignification {unknown}
Comestibles
 c - 4 bread rations
 I - 6 royal jellies


   Skills:
 + Level 7.1 Fighting
 * Level 16.1 Axes
 + Level 5.9 Armour
 + Level 4.4 Dodging


You had 9 spell levels left.
You didn't know any spells.

Dungeon Overview and Level Annotations

Branches:
Dungeon (8/15)             Temple (1/1) D:6
   Lair: D:8-11

Altars:
Ashenzari
Cheibriados
Dithmenos
Elyvilon
Fedhas
Gozag
Kikubaaqudgha
Makhleb
Nemelex Xobeh
Okawaru
Qazlal
Ru
Sif Muna
Trog
Vehumet
Xom
Yredelemnul
Zin
The Shining One

Shops:
D:8 }


Message History

You are more poisoned.
The queen bee poisons you!
You finish eating.
That royal jelly was delicious!
Use which ability? (? or * to list)
A red film seems to cover your vision as you go berserk!
You feel yourself moving faster!
You feel mighty!
You feel somewhat more hungry.
* * * LOW HITPOINT WARNING * * *
You feel very sick. The queen bee stings you!
* * * LOW HITPOINT WARNING * * *
You are more poisoned.
The queen bee poisons you!
You slash the queen bee!
The queen bee is almost dead.
* * * LOW HITPOINT WARNING * * *
You feel sick.
You hit the queen bee but do no damage.
The queen bee is almost dead.
You die...

#..# #..#..# #..#
##.###.## #..######.##
##.## #>..<....## ##..
#.#####>#.## ##...
#.#####.##.###....
#...........#.....
#.#####.###.)...(.
#@#####)###...#...
#######y.......##.......
#..†....#####...........
#..####.# #.###..#....
#''# ### #.# #..#....
..... #.# #.......
P..P.yP. #.# #..###.#
#P..P..P.. #.###..###.#
#P..P..P..P #...........


You could see a queen bee.

Vanquished Creatures
  Joseph (D:7)
  A queen bee (D:8)
  A two-headed ogre (D:8)
  Grinder (D:6)
  2 wyverns
  A water moccasin (D:7)
  Duvessa (D:5)
  A black bear (D:8)
  2 sky beasts
  A phantom (D:4)
  6 ogres
  5 centaurs
  2 giant frogs
  Dowan (D:5)
  3 scorpions
  25 killer bees
  A giant frog zombie (D:6)
  2 goliath beetles
  4 orc priests
  A crimson imp (D:6)
  A jelly (D:5)
  Crazy Yiuf (D:4)
  2 centaur skeletons
  6 hounds
  7 orc wizards
  5 iguanas
  6 worker ants
  A hound skeleton (D:8)
  2 worker ant zombies
  A shadow imp (D:7)
  8 adders
  3 worms
  An adder skeleton (D:4)
  6 giant geckos
  2 oozes
  33 orcs
  2 ball pythons
  2 bat skeletons
  8 giant cockroaches
  10 hobgoblins
  17 kobolds
  4 quokkas
  15 bats
  A giant gecko zombie (D:6)
  A giant newt (D:1)
  12 goblins
  14 rats
233 creatures vanquished.

Notes
Turn   | Place    | Note
--------------------------------------------------------------
     0 | D:1      | Radiman, the Hill Orc Berserker, began the quest for the Orb.
     0 | D:1      | Reached XP level 1. HP: 19/19 MP: 1/1
   338 | D:1      | Reached XP level 2. HP: 20/26 MP: 2/2
   622 | D:1      | Reached skill level 5 in Axes
  1087 | D:1      | Acquired Trog's second power
  1125 | D:1      | Reached XP level 3. HP: 20/31 MP: 3/3
  1726 | D:2      | Reached skill level 6 in Axes
  1785 | D:2      | Reached XP level 4. HP: 37/39 MP: 4/4
  2421 | D:3      | Reached skill level 7 in Axes
  3081 | D:4      | Reached XP level 5. HP: 34/45 MP: 5/5
  3196 | D:4      | Found a stormy altar of Qazlal.
  3226 | D:4      | Noticed an ogre
  3246 | D:4      | Killed an ogre
  3246 | D:4      | Reached skill level 8 in Axes
  3513 | D:4      | Reached XP level 6. HP: 51/51 MP: 6/6
  3764 | D:4      | Noticed a phantom
  3803 | D:4      | Reached skill level 9 in Axes
  3833 | D:4      | Killed a phantom
  4032 | D:4      | Reached skill level 10 in Axes
  4032 | D:4      | Reached XP level 7. HP: 55/57 MP: 7/7
  4307 | D:4      | Noticed a yak
  4313 | D:4      | Noticed an ogre
  4321 | D:4      | Killed an ogre
  4443 | D:4      | Found an opulent altar of Gozag.
  4443 | D:4      | Noticed an ogre
  4450 | D:4      | Killed an ogre
  4450 | D:4      | Reached skill level 11 in Axes
  4532 | D:4      | Noticed Crazy Yiuf
  4536 | D:4      | Killed Crazy Yiuf
  4772 | D:5      | Entered Level 5 of the Dungeon
  4809 | D:5      | Reached XP level 8. HP: 51/64 MP: 8/8
  4889 | D:5      | Found a shattered altar of Ashenzari.
  4960 | D:5      | Reached skill level 12 in Axes
  5276 | D:5      | Acquired Trog's third power
  5338 | D:5      | Found a glowing golden altar of the Shining One.
  5345 | D:5      | Noticed Dowan
  5346 | D:5      | Noticed Duvessa
  5366 | D:5      | Killed Duvessa
  5371 | D:5      | Killed Dowan
  5371 | D:5      | Reached skill level 13 in Axes
  6528 | D:5      | Reached skill level 14 in Axes
  6622 | D:6      | Reached XP level 9. HP: 59/71 MP: 9/9
  6745 | D:6      | Found a staircase to the Ecumenical Temple.
  6870 | Temple   | Entered the Ecumenical Temple
  6994 | D:6      | Noticed Grinder
  7015 | D:6      | Paralysed by Grinder for 2 turns
  7025 | D:6      | Killed Grinder
  7612 | D:7      | Noticed Joseph
  7618 | D:7      | Reached skill level 5 in Fighting
  7629 | D:7      | Killed Joseph
  7629 | D:7      | Reached skill level 15 in Axes
  8458 | D:8      | Found a blossoming altar of Fedhas.
  8489 | D:8      | Reached XP level 10. HP: 75/82 MP: 10/10
  8964 | D:8      | Found a deep blue altar of Sif Muna.
  8971 | D:8      | Found Cuggaucs's Gadget Shoppe.
  9580 | D:8      | Reached skill level 5 in Armour
 10731 | D:8      | Found a sacrificial altar of Ru.
 10933 | D:8      | Reached skill level 16 in Axes
 11152 | D:8      | HP: 4/129 [queen bee (9)]
 11154 | D:8      | Succumbed to a queen bee's poison

Action                   |  1- 3 |  4- 6 |  7- 9 | 10-12 || total
-------------------------+-------+-------+-------+-------++-------
Melee: Hand axe          |   143 |   236 |   454 |   295 ||  1128
Invok: Berserk           |       |     2 |     7 |     6 ||    15
       Burn Spellbooks   |       |       |     1 |     1 ||     2
  Use: Scroll            |       |       |     1 |       ||     1
 Stab: Sleeping          |     1 |       |       |       ||     1
       Fleeing           |       |       |     1 |       ||     1
  Eat: Chunk             |     3 |     9 |    15 |     8 ||    35
       Meat ration       |       |       |     1 |       ||     1
       Pizza             |       |       |     1 |     2 ||     3
       Fruit             |       |       |       |     2 ||     2
       Royal jelly       |       |       |       |     1 ||     1
